 Dungeon Crawl Stone Soup version 0.18-a0-1643-gb89d9db (webtiles) character file.

2220 Gorice the Zephyrmancer (level 9, -9/62 HPs)
             Began as a Black Draconian Air Elementalist on Mar 28, 2016.
             Mangled by Joseph
             ... wielding a +2 quarterstaff of protection
              (13 damage)
             ... on level 7 of the Dungeon.
             The game lasted 00:35:41 (5701 turns).

Gorice the Zephyrmancer (DrAE)                      Turns: 5701, Time: 00:35:42

Health: -9/62      AC:  8    Str: 17    XL:     9   Next: 13%
Magic:  13/16      EV: 12    Int: 18    God:
Gold:   458        SH:  0    Dex: 15    Spells: 5 memorised, 5 levels left

rFire  . . .     SeeInvis .     a - +1 whip (elec)
rCold  . . .     Gourm    .     (armour unavailable)
rNeg   . . .     Faith    .     (no shield)
rPois  +         Spirit   .     (helmet restricted)
rElec  +         Dismiss  .     (no cloak)
rCorr  .         Reflect  .     n - +0 pair of gloves
SustAt .         Harm     .     (no boots)
MR     .....     Rnd*Rage +     (no amulet)
Stlth  ++........               (no ring)
                                o - +4 ring of dexterity

@: mighty, repel missiles, not resistant to hostile enchantments, unstealthy
A: breathe lightning, unfitting armour, berserk 1, poison resistance,
electricity resistance, evolution 1, cold-blooded, AC +7
a: Breathe Lightning


You were on level 7 of the Dungeon.
You were not hungry.

You visited 2 branches of the dungeon, and saw 8 of its levels.

You collected 458 gold pieces.

Inventory:

Hand Weapons
 a - a +1 whip of electrocution (weapon)
   (You found it on level 3 of the Dungeon)
 p - a +1 dagger of freezing
   (You took it off an orc wizard on level 4 of the Dungeon)
Missiles
 h - 4 javelins of penetration
 q - 11 poisoned needles
 t - 5 tomahawks (quivered)
 Y - a throwing net
 Z - 133 stones
Armour
 n - a +0 pair of gloves (worn)
Magical Staves
 v - an uncursed staff of earth
Jewellery
 o - a +4 ring of dexterity (left hand)
Wands
 s - a wand of iceblast (12/15)
 x - a wand of random effects (22/48)
Scrolls
 d - a scroll of magic mapping {!r}
 e - 2 scrolls of remove curse
 j - 2 scrolls of blinking
 u - 2 scrolls of identify
Potions
 f - 2 potions of cure mutation {!q}
 g - a potion of curing
 l - 2 potions of might {!q}
Books
 k - a book of Air
Comestibles
 b - 7 bread rations {!e}
 c - a beef jerky
 i - 2 meat rations {!e}
 m - 2 fruits
 r - 6 chunks of flesh


   Skills:
 - Level 1.7 Dodging
 - Level 1.7 Stealth
 + Level 5.2 Spellcasting
 * Level 8.0 Conjurations
 * Level 9.5 Air Magic


You had 5 spell levels left.
You knew the following spells:

 Your Spells              Type           Power        Failure   Level  Hunger
a - Shock                 Conj/Air       ####         1%          1    None
b - Static Discharge      Conj/Air       #####...     1%          3    ##.....
c - Lightning Bolt        Conj/Air       #####.....   12%         5    ######.
M - Repel Missiles        Chrm/Air       ###...       2%          2    #......
S - Swiftness             Chrm/Air       ###.....     2%          2    #......


Dungeon Overview and Level Annotations

Branches:
Dungeon (7/15)             Temple (1/1) D:5

Altars:
Ashenzari
Cheibriados
Dithmenos
Elyvilon
Fedhas
Gozag
Kikubaaqudgha
Makhleb
Nemelex Xobeh
Okawaru
Pakellas
Qazlal
Ru
Sif Muna
Trog
Vehumet
Xom
Zin
The Shining One

Shops:
D:6 %

Annotations:
D:1 vpUX: scroll on lava island
D:7 Joseph


Innate Abilities, Weirdness & Mutations

You can breathe wild blasts of lightning.
Your glossy black scales are hard (AC +7).
Your body does not fit into most forms of armour.
You are resistant to electric shocks.
You are cold-blooded and may be slowed by cold attacks.
You tend to lose your temper in combat.
Your system is resistant to poisons.
You evolve.


Message History

The quokka bites you but does no damage.
Drink which item? (? for menu, Esc to quit)
You feel better. The quokka bites you.
* * * LOW HITPOINT WARNING * * *
You closely miss the quokka.
Your tail-slap misses the quokka.
The quokka bites you.
* * * LOW HITPOINT WARNING * * *
The quokka misses you.
Damage: 2 (max 2)
You hit the quokka.
The quokka is severely wounded.
The quokka closely misses you.
Casting: Shock
Confirm with . or Enter, or press ? or * to list all spells.
Aiming: Shock
Press: ? - help, Shift-Dir - straight line, f/p - Joseph
Aim: Joseph, wielding a hunting sling of evasion and wearing a ring mail (lightly wounded)
The zap hits the quokka.
You kill the quokka!
The zap hits Joseph.
Joseph is lightly wounded.
Joseph shoots a poisoned sling bullet.
The poisoned sling bullet hits you.
* * * LOW HITPOINT WARNING * * *
Damage: 6 (max 6)
Casting: Shock
Confirm with . or Enter, or press ? or * to list all spells.
Aiming: Shock
Press: ? - help, Shift-Dir - straight line, f/p - Joseph
Aim: Joseph, wielding a hunting sling of evasion and wearing a ring mail (lightly wounded)
The zap hits Joseph.
Joseph is moderately wounded.
Unknown command.
You hit Joseph.
There is a sudden explosion of sparks!
Joseph is heavily wounded.
Joseph unwields an uncursed hunting sling of evasion.
Joseph wields an uncursed quarterstaff of protection.
Joseph closely misses you.
Drink which item? (? for menu, Esc to quit)
You feel better.
Drink which item? (? for menu, Esc to quit)
Really quaff
l - 3 potions of might {!q}?
You feel very mighty all of a sudden.
Joseph hits you with an uncursed quarterstaff of protection!
* * * LOW HITPOINT WARNING * * *
Damage: 15 (max 15) Unknown command.
You hit Joseph but do no damage.
There is a sudden explosion of sparks!
Joseph is severely wounded.
Joseph hits you with an uncursed quarterstaff of protection!
You die...

### #.. ..###
## ###....
#.##.. #....#
.#
......###....#
.#
#....#....#####
.# #@@.........
.# ####.######
.# #.# .# #.#
##(# .# #..#
#..# .## ...##
#.## ..# .#...
##.# #.#
$....##..# ..#
#....##


You could see Joseph.

Vanquished Creatures
  Prince Ribbit (D:6)
  A hippogriff (D:7)
  Edmund (D:6)
  2 ice beasts
  2 orc warriors
  A necrophage (D:7)
  2 black bears
  2 ogres
  3 giant frogs
  A scorpion (D:4)
  A howler monkey (D:6)
  2 crimson imps
  A hound (D:7)
  2 orc priests (D:4)
  A jelly (D:5)
  6 orc wizards
  An iguana (D:4)
  5 worker ants
  4 gnolls (D:5)
  2 adders (D:2)
  3 oozes
  An adder zombie (D:6)
  3 worms
  3 dart slugs
  3 giant geckos
  16 orcs
  7 giant cockroaches
  11 goblins
  13 hobgoblins
  6 jackals
  8 kobolds
  4 quokkas
  A ball python (D:1)
  7 bats
  A giant gecko skeleton (D:4)
  2 giant newts
  8 rats
138 creatures vanquished.

Vanquished Creatures (others)
  A sphinx (D:5)
1 creature vanquished.

Grand Total: 139 creatures vanquished

Notes
Turn   | Place    | Note
--------------------------------------------------------------
     0 | D:1      | Gorice the Draconian Air Elementalist began the quest for the Orb.
     0 | D:1      | Reached XP level 1. HP: 14/14 MP: 3/3
   236 | D:1      | Reached XP level 2. HP: 18/20 MP: 1/5
   526 | D:1      | Reached skill level 2 in Conjurations
   532 | D:1      | Found a snail-covered altar of Cheibriados.
   979 | D:1      | Learned a level 2 spell: Repel Missiles
   982 | D:1      | Learned a level 2 spell: Swiftness
  1041 | D:2      | Reached XP level 3. HP: 26/26 MP: 0/6
  1150 | D:2      | Found an iron altar of Okawaru.
  1457 | D:2      | Reached skill level 3 in Conjurations
  1471 | D:2      | Reached XP level 4. HP: 22/33 MP: 3/7
  1515 | D:2      | Found a shadowy altar of Dithmenos.
  1516 | D:2      | Found a glowing golden altar of the Shining One.
  1572 | D:2      | Found a bloodstained altar of Trog.
  1658 | D:2      | Learned a level 3 spell: Static Discharge
  1733 | D:3      | Found a sacrificial altar of Ru.
  1791 | D:3      | Found an ancient bone altar of Kikubaaqudgha.
  1791 | D:3      | Found a blossoming altar of Fedhas.
  1957 | D:3      | Found a sparkling altar of Nemelex Xobeh.
  2211 | D:3      | HP: 9/33 [orc/hand axe (6)]
  2212 | D:3      | HP: 1/33 [orc wizard/magic dart (4)]
  2386 | D:3      | Reached XP level 5. HP: 27/38 MP: 9/9
  2569 | D:3      | Found a shimmering altar of Xom.
  2571 | D:3      | Found a stormy altar of Qazlal.
  2608 | D:4      | Noticed an ogre
  2725 | D:4      | Reached skill level 3 in Spellcasting
  2929 | D:4      | Found a burning altar of Makhleb.
  2995 | D:4      | Reached skill level 4 in Conjurations
  2995 | D:4      | Reached skill level 4 in Air Magic
  3012 | D:4      | Killed an ogre
  3012 | D:4      | Reached XP level 6. HP: 41/45 MP: 6/11
  3366 | D:4      | Reached skill level 5 in Conjurations
  3442 | D:4      | Your scales start taking on a glossy black colour.
  3442 | D:4      | Reached skill level 5 in Air Magic
  3442 | D:4      | Reached XP level 7. HP: 33/50 MP: 4/12
  3442 | D:4      | Gained mutation: You are resistant to electric shocks. [Black Draconian growth]
  3445 | D:4      | --That was lucky since I'm an AE!
  3462 | D:4      | Reached skill level 6 in Air Magic
  3668 | D:4      | Gained mutation: You evolve. [potion of beneficial mutation]
  3758 | D:4      | Gained mutation: You tend to lose your temper in combat. [evolution]
  3817 | D:5      | Entered Level 5 of the Dungeon
  3843 | D:5      | Found a staircase to the Ecumenical Temple.
  3882 | Temple   | Entered the Ecumenical Temple
  4065 | D:5      | Found an oddly glowing altar of Pakellas.
  4066 | D:5      | Noticed a sphinx
  4073 | D:5      | Killed a sphinx
  4485 | D:5      | Reached skill level 4 in Spellcasting
  4776 | D:6      | Reached skill level 6 in Conjurations
  4788 | D:6      | Noticed Edmund
  4830 | D:6      | Reached skill level 7 in Air Magic
  4838 | D:6      | Found a bloodstained altar of Trog.
  4861 | D:6      | Killed Edmund
  4861 | D:6      | Reached XP level 8. HP: 42/57 MP: 11/14
  4869 | D:6      | Gained mutation: Your system is resistant to poisons. [evolution]
  4932 | D:6      | Learned a level 5 spell: Lightning Bolt
  5012 | D:6      | Reached skill level 8 in Air Magic
  5015 | D:6      | Noticed Prince Ribbit
  5043 | D:6      | Killed Prince Ribbit
  5043 | D:6      | Reached skill level 7 in Conjurations
  5071 | D:6      | Found an opulent altar of Gozag.
  5450 | D:6      | Found Deckikua's Food Emporium.
  5547 | D:7      | Reached skill level 5 in Spellcasting
  5547 | D:7      | Reached skill level 9 in Air Magic
  5597 | D:7      | Reached XP level 9. HP: 50/62 MP: 12/16
  5657 | D:7      | Reached skill level 8 in Conjurations
  5672 | D:7      | Noticed Joseph
  5675 | D:7      | HP: 18/62 [Joseph/poisoned sling bullet (11)]
  5680 | D:7      | HP: 11/62 [poisoned by Joseph]
  5685 | D:7      | HP: 10/62 [poisoned by Joseph]
  5690 | D:7      | HP: 9/62 [poisoned by Joseph]
  5696 | D:7      | HP: 9/62 [Joseph/poisoned sling bullet (6)]
  5700 | D:7      | HP: 4/62 [Joseph/uncursed quarterstaff of protection (15)]
  5701 | D:7      | Mangled by Joseph

Vault maps used:
D:1:      lemuel_arrival_lava_pool, minmay_crystal_water, cheibriados_altar_1
D:2:      okawaru_metal_pillars_1_2, gammafunk_temple_overflow_statue,
          bloody_trog
D:3:      grunt_temple_overflow_growth_and_decay,
          nemelex_xobeh_ov_fountains_minmay, minitemple,
          lemuel_coloured_pillars_altar
D:4:      old_standard_altar
D:5:      gammafunk_pakellas_spire_experiment, minmay_temple_entry_trees,
          first_bread
D:6:      nicolae_gozag_seed_capital, basic_altar, serial_shops, shop,
          st_stairs_4, kennysheep_minor_cross, uniq_edmund, uniq_prince_ribbit1
D:7:      lemuel_zombie_altar_yredelemnul, serial_shops,
          nicolae_shop_waterfront, uniq_joseph
Temple:   hc_temple_tempest_star_small

Skill      XL: |  1  2  3  4  5  6  7  8  9 |
---------------+----------------------------+-----
Conjurations   | 2 3 4 5 6 7 8 |  8.0
Spellcasting   | 3 4 5 |  5.2
Air Magic      | 4 5 7 9 |  9.5
Dodging        | |  1.7
Stealth        | |  1.7

Action                   |  1- 3 |  4- 6 |  7- 9 || total
-------------------------+-------+-------+-------++-------
Melee: Unarmed           |    15 |       |       ||    15
       Short sword       |    38 |    41 |       ||    79
       Whip              |       |    73 |    90 ||   163
 Cast: Shock             |    70 |    82 |    89 ||   241
       Repel Missiles    |     1 |     1 |       ||     2
       Static Discharge  |       |       |     3 ||     3
  Use: Scroll            |     5 |     4 |     4 ||    13
       Potion            |       |     2 |     4 ||     6
 Stab: Sleeping          |       |     3 |     1 ||     4
  Eat: Chunk             |     3 |     7 |     8 ||    18

Table legend:
 A = Turns spent in this place as a percentage of turns spent in the entire game.
 B = Non-inter-level travel turns spent in this place as a percentage of non-inter-level travel turns spent in the entire game.
 C = Inter-level travel turns spent in this place as a percentage of turns spent in this place.
 D = Turns resting spent in this place as a percentage of non-inter-level travel turns spent in this place.
 E = Turns spent auto-exploring this place as a percentage of non-inter-level travel turns spent in this place.
 F = Non-inter-level travel turns spent in this place divided by the number of levels of this place that you've seen.
                   A       B       C       D       E      F
               +-------+-------+-------+-------+-------+----------------------
         Total | 100.0 | 100.0 |   0.3 |   2.5 |   6.0 | 290.6
       Dungeon |  94.4 |  94.4 |   0.3 |   2.6 |   6.3 | 313.6
        Temple |   5.6 |   5.6 |   0.8 |   0.0 |   1.5 | 130.0
               +-------+-------+-------+-------+-------+----------------------

Vault maps used:
D:1:      lemuel_arrival_lava_pool, minmay_crystal_water, cheibriados_altar_1
D:2:      okawaru_metal_pillars_1_2, gammafunk_temple_overflow_statue,
          bloody_trog
D:3:      grunt_temple_overflow_growth_and_decay,
          nemelex_xobeh_ov_fountains_minmay, minitemple,
          lemuel_coloured_pillars_altar
D:4:      old_standard_altar
D:5:      gammafunk_pakellas_spire_experiment, minmay_temple_entry_trees,
          first_bread
D:6:      nicolae_gozag_seed_capital, basic_altar, serial_shops, shop,
          st_stairs_4, kennysheep_minor_cross, uniq_edmund, uniq_prince_ribbit1
D:7:      lemuel_zombie_altar_yredelemnul, serial_shops,
          nicolae_shop_waterfront, uniq_joseph
Temple:   hc_temple_tempest_star_small
